 Dungeon Crawl Stone Soup version 0.26-a0-834-g69557b85cc (webtiles) character file.

Game seed: 15196953543729353517

78353 mhtbhm the Bludgeoner (level 15, -4/96 HPs)
             Began as a Gargoyle Fighter on Nov 16, 2020.
             Was the Champion of Okawaru.
             Killed from afar by a hellion (26 damage)
             ... with damnation
             ... on level 5 of the Abyss.
             The game lasted 00:40:56 (25534 turns).

mhtbhm the Bludgeoner (Gargoyle Fighter)           Turns: 25534, Time: 00:40:57

Health: -4/96      AC: 40    Str: 27    XL:     15   Next: 60%
Magic:  15/15      EV:  8    Int:  8    God:    Okawaru [******]
Gold:   1221       SH:  0    Dex: 15    Spells: 14/14 levels left

rFire    . . .     SeeInvis .   D - +3 morningstar (vorpal)
rCold    . . .     Faith    .   c - +0 kite shield
rNeg     + . .     Spirit   .   b - +1 crystal plate armour
rPois    ∞         Reflect  .   H - +0 hat {MR+}
rElec    +         Harm     .   F - +0 cloak
rCorr    .         Rampage  .   g - +1 pair of gloves
MR       +++..                  J - +1 pair of boots {Stlth+}
Stlth    ..........             (no amulet)
HPRegen  0.26/turn              n - +6 ring of dexterity
MPRegen  0.14/turn              s - ring of protection from magic

@: confused, berserk cooldown, flying, slowed, very slow
A: big wings, negative energy resistance 1, electricity resistance, unbreathing,
petrification resistance, rot immunity, AC +11
a: Stop Flying, Heroism, Finesse, Renounce Religion


You were on level 5 of the Abyss.
You worshipped Okawaru.
Okawaru was exalted by your worship.
You visited 4 branches of the dungeon, and saw 21 of its levels.
You visited the Abyss 1 time.
You also visited: Volcano.

You collected 2470 gold pieces.
You spent 1249 gold pieces at shops.

Inventory:

Hand Weapons
 a - a +2 demon whip of flaming
 D - a +3 vorpal morningstar (weapon)
 G - the +8 mace "Iwnoa" {flame, rC++ Str+3 Int+3}
   (You found it on level 2 of the Lair of Beasts)

   It has been specially enchanted to burn those struck by it, causing extra
   injury to most foes and up to half again as much damage against particularly
   susceptible opponents.
   It affects your strength (+3).
   It affects your intelligence (+3).
   It greatly protects you from cold.
Missiles
 B - 2 throwing nets (quivered)
Armour
 b - a +1 crystal plate armour (worn)
 c - a +0 kite shield (worn)
 g - a +1 pair of gloves (worn)
 F - a +0 cloak (worn)
 H - a +0 hat of magic resistance (worn)
 J - a +1 pair of boots of stealth (worn)
 K - a +2 plate armour of fire resistance
Jewellery
 j - an uncursed ring of resist corrosion
 l - an uncursed ring of fire
 n - a +6 ring of dexterity (left hand)
 s - a ring of protection from magic (right hand)
Wands
 m - a wand of iceblast (20)
 v - a wand of acid (1)
 x - a wand of paralysis (9)
Scrolls
 e - 2 scrolls of brand weapon
 f - 3 scrolls of enchant armour
 k - 2 scrolls of blinking
 o - 2 scrolls of immolation
 r - 11 scrolls of remove curse
 t - a scroll of fear
 y - 5 scrolls of enchant weapon
 L - 3 scrolls of identify
 O - a scroll of teleportation
 P - a scroll of holy word
 Q - a scroll of magic mapping
Potions
 h - 4 potions of curing
 i - 2 potions of ambrosia
 p - 2 potions of resistance
 w - 3 potions of mutation
 C - 5 potions of flight
 I - a potion of berserk rage
 M - 2 potions of might
Miscellaneous
 d - a condenser vane (inert)
 A - a tin of tremorstones (1/2)
 E - a phantom mirror
 N - a lightning rod (3/4)


   Skills:
 + Level 11.9 Fighting
 + Level 15.7 Maces & Flails
 + Level 12.2 Armour
 + Level 5.3 Dodging
 - Level 1.1 Stealth
 + Level 15.4 Shields
 + Level 2.7 Evocations


You had 14 spell levels left.
You didn't know any spells.
Your spell library contained the following spells:

 Spells                   Type           Power        Failure   Level
 Animate Skeleton         Necr           #.....       100%        1
 Apportation              Tloc           #.....       100%        1
 Beastly Appendage        Tmut           #.....       100%        1
 Corona                   Hex            #......      100%        1
 Foxfire                  Conj/Fire      #...         100%        1
 Summon Small Mammal      Summ           #...         100%        1
 Call Imp                 Summ           #.......     100%        2
 Ensorcelled Hibernation  Hex/Ice        #.....       100%        2
 Poisonous Vapours        Pois/Air       #.....       100%        2
 Wereblood                Tmut           #.......     100%        2
 Call Canine Familiar     Summ           #.......     100%        3
 Confusing Touch          Hex            #.......     100%        3
 Conjure Flame            Conj/Fire      #.......     100%        3
 Dazzling Flash           Conj/Hex       #.....       100%        3
 Inner Flame              Hex/Fire       #.......     100%        3
 Mephitic Cloud           Conj/Pois/Air  #.......     100%        3
 Spider Form              Tmut/Pois      #.........   100%        3
 Summon Guardian Golem    Hex/Summ       #.......     100%        3
 Tukima's Dance           Hex            #.......     100%        3
 Ice Form                 Ice/Tmut       #.......     100%        4
 Sticky Flame             Conj/Fire      #.......     100%        4
 Summon Ice Beast         Ice/Summ       #.......     100%        4
 Summon Lightning Spire   Summ/Air       #.......     100%        4
 Blade Hands              Tmut           #.........   100%        5
 Fireball                 Conj/Fire      #.........   100%        5
 Irradiate                Conj/Tmut      #.........   100%        5
 Freezing Cloud           Conj/Ice/Air   #.........   100%        6
 Hydra Form               Tmut           #.........   100%        6
 Dragon Form              Tmut           #.........   100%        7
 Statue Form              Tmut/Erth      Unusable     N/A         6

Dungeon Overview and Level Annotations

Branches:
Dungeon (12/15)            Temple (1/1) D:7            Lair (6/6) D:9
  Swamp (0/4) Lair:2        Snake (0/4) Lair:4        Slime (0/5) Lair:5
    Orc (2/2) D:11            Elf (0/3) Orc:2       Volcano (visited)

Altars:
Ashenzari
Cheibriados
Dithmenos
Elyvilon
Fedhas
Gozag
Hepliaklqana
Kikubaaqudgha
Makhleb
Nemelex Xobeh
Okawaru
Qazlal
Ru
Sif Muna
Trog
Uskayaw
Vehumet
Wu Jian
Xom
Yredelemnul
Zin
The Shining One
Beogh
Jiyva
Lugonu

Shops:
D:7 *   D:10 [   Orc:2 !}[?}

Portals:
Abyss: Orc:2

Annotations:
D:8 !the shining one
Lair:1 exclusion: oklob plant
Orc:2 1 transporter, HilariousDeathArtist's ghost, journeyman TrAr


Innate Abilities, Weirdness & Mutations

You are resistant to torment.
Your stone body is resilient. (AC +11)
You are immune to poison.
Your large and strong wings let you fly indefinitely.
You resist negative energy. (rN+)
You are resistant to electric shocks. (rElec)
You can survive without breathing.
You are immune to petrification.
You are immune to rotting.


Message History

You are confused.
You feel invigorated.
The hellion gives a hideous shriek!
The thrashing horror barely misses you.
The thrashing horror tramples you but does no damage.
The thrashing horror tramples you.
You are shoved backwards!
The thrashing horror roars!
The thrashing horror tramples you but does no damage. x4
You bump into the rock wall.
The thrashing horror roars!
The thrashing horror tramples you.
You are shoved backwards!
The hellion gestures at you.
The sphere of damnation explodes!
The damnation engulfs you!!
* * * LOW HITPOINT WARNING * * *
You bump into the rock wall.
The thrashing horror tramples you.
* * * LOW HITPOINT WARNING * * *
You are shoved backwards!
The hellion gestures at you.
The sphere of damnation explodes!
The damnation engulfs you!!
You die...

#.#. ....
......##....
...........##
..........#.
.#.........####
..............#
.............#
#.......#@X..#...
..##.............
#......2........
##..............
#...............
#≈≈#≈≈≈≈....#.#..
#♣#≈≈≈≈≈≈.##### .
#≈..≈≈≈.#
#.....≈.#


You could see a thrashing horror and a hellion.

Vanquished Creatures
  2 very ugly things (Abyss:5)
  3 dire elephants (Lair:6)
  Azrael (Orc:2)
  The ghost of DocClef the Covert, a journeyman GnDe of Okawaru (Lair:2)
  Snorg (Orc:1)
  4 ogre magi (Orc:2)
  A boulder beetle (D:12)
  An ice dragon (Lair:3)
  5 hydras
  An anaconda (Lair:6)
  A centaur warrior (Volcano)
  A catoblepas (Lair:5)
  16 two-headed ogres
  The ghost of kd29 the Covert, a novice GnDe of Ru (D:10)
  5 death yaks (Lair:6)
  6 thrashing horrors (Abyss:5)
  A wretched star (Abyss:5)
  An orange crystal statue (D:10)
  A hell knight (Volcano)
  2 bog bodies (Lair:2)
  A lindwurm (Lair:5)
  An orc knight (D:11)
  A deep elf mage (D:10)
  An oklob plant (Lair:5)
  A cyclops (Orc:2)
  20 elephants
  Psyche (D:8)
  4 black mambas
  2 molten gargoyles (Volcano)
  13 cane toads
  A kobold demonologist (D:10)
  12 komodo dragons
  A yaktaur (Volcano)
  A harpy zombie (D:9)
  A troll (Orc:1)
  3 polar bears
  Prince Ribbit (D:5)
  3 slime creatures (Lair:2)
  16 blink frogs
  A raiju (Abyss:5)
  7 dream sheep (Lair:6)
  2 wraiths
  21 yaks
  2 wyverns (D:8)
  2 fire bats (Volcano)
  A basilisk (Lair:4)
  2 fire elementals
  7 wargs
  3 nagas (Lair:4)
  16 water moccasins
  3 hell hounds
  3 sky beasts
  10 orc warriors
  3 ice beasts
  2 phantoms
  24 ogres
  2 necrophages (D:7)
  A small abomination (Abyss:5)
  4 black bears
  5 centaurs
  Blork the orc (D:4)
  10 big kobolds (D:10)
  17 bullfrogs
  A water moccasin zombie (D:8)
  A scorpion (D:7)
  10 killer bees
  6 jellies
  4 wights
  5 howler monkeys
  10 lava snakes (Volcano)
  2 centaur zombies
  A quasit (D:9)
  A bullfrog zombie (D:7)
  13 orc priests
  3 hounds
  17 orc wizards
  2 bullfrog skeletons
  2 centaur skeletons
  2 iguanas
  4 hell rats (Lair:2)
  8 worker ants
  4 killer bee zombies
  A hound zombie (D:7)
  A howler monkey zombie (D:7)
  2 worker ant zombies
  9 gnolls
  9 adders
  2 shadow imps
  A white imp (D:8)
  An ufetubus (D:10)
  2 oozes
  An adder skeleton (D:4)
  2 worms (D:3)
  3 dart slugs
  8 leopard geckos
  89 orcs
  4 ball pythons
  2 giant cockroaches
  7 goblins
  8 hobgoblins
  10 jackals
  4 quokkas
  2 bats (D:1)
  3 frilled lizards
  10 kobolds
  A quokka zombie (D:9)
  12 rats
  A bush (Lair:5)
579 creatures vanquished.

Vanquished Creatures (others)
  2 hell hounds (Orc:2)
  A demonic plant (Temple)
  46 fungi
  59 plants
108 creatures vanquished.

Grand Total: 687 creatures vanquished

Notes
Turn   | Place    | Note
-------+----------+-------------------------------------------
     0 | D:1      | mhtbhm the Gargoyle Fighter began the quest for the Orb.
     0 | D:1      | Reached XP level 1. HP: 14/14 MP: 1/1
    50 | D:1      | Reached XP level 2. HP: 7/19 MP: 2/2
   861 | D:1      | Reached XP level 3. HP: 23/23 MP: 3/3
  1180 | D:2      | Found a hide-covered altar of Uskayaw.
  1291 | D:2      | Found an opulent altar of Gozag.
  1484 | D:2      | Reached skill level 1 in Dodging
  1606 | D:2      | Reached XP level 4. HP: 16/29 MP: 4/4
  2499 | D:3      | Reached XP level 5. HP: 32/33 MP: 5/5
  2644 | D:3      | Found an ancient bone altar of Kikubaaqudgha.
  2644 | D:3      | Found a stormy altar of Qazlal.
  3578 | D:4      | Reached XP level 6. HP: 34/38 MP: 6/6
  3637 | D:4      | Found a basalt altar of Yredelemnul.
  3668 | D:4      | Noticed Blork the orc
  3677 | D:4      | Killed Blork the orc
  3979 | D:4      | Reached XP level 7. HP: 16/43 MP: 7/7
  4542 | D:4      | Found a white marble altar of Elyvilon.
  4569 | D:4      | Reached skill level 5 in Maces & Flails
  5021 | D:4      | Became a worshipper of Elyvilon the Healer
  5126 | D:5      | Entered Level 5 of the Dungeon
  5141 | D:5      | Reached skill level 5 in Shields
  5155 | D:5      | Noticed Prince Ribbit
  5179 | D:5      | Killed Prince Ribbit
  5180 | D:5      | Reached skill level 5 in Armour
  5180 | D:5      | Reached XP level 8. HP: 10/48 MP: 8/8
  5485 | D:5      | Found a bloodstained altar of Trog.
  5749 | D:5      | Found a snail-covered altar of Cheibriados.
  5891 | D:5      | Found a broken altar of Ashenzari.
  6231 | D:6      | Found a hazy altar of Hepliaklqana.
  6529 | D:6      | HP: 1/48 [orc warrior/+0 vorpal battleaxe (3)]
  6549 | D:6      | Found a basalt altar of Yredelemnul.
  6855 | D:6      | Found a sacrificial altar of Ru.
  6911 | D:6      | Reached XP level 9. HP: 38/53 MP: 9/9
  7045 | D:6      | Reached skill level 5 in Fighting
  7144 | D:6      | Reached * piety under Elyvilon
  7202 | D:7      | Found a basalt altar of Yredelemnul.
  7464 | D:7      | Reached skill level 1 in Stealth
  7468 | D:7      | Found a snail-covered altar of Cheibriados.
  7623 | D:7      | Found a staircase to the Ecumenical Temple.
  7645 | Temple   | Entered the Ecumenical Temple
  7695 | Temple   | Fell from the grace of Elyvilon
  7695 | Temple   | Became a worshipper of Warmaster Okawaru
  7745 | D:7      | Found Zin's Purification Station.
  7748 | D:7      | Found a glowing silver altar of Zin.
  8322 | D:8      | Found a glowing golden altar of the Shining One.
  8401 | D:8      | Reached * piety under Okawaru
  8434 | D:8      | Reached XP level 10. HP: 56/60 MP: 10/10
  8447 | D:8      | Noticed Psyche
  8470 | D:8      | Killed Psyche
  8517 | D:8      | Reached ** piety under Okawaru
  8588 | D:8      | Found a shadowy altar of Dithmenos.
  9490 | D:9      | Reached skill level 10 in Maces & Flails
  9638 | D:9      | Found a staircase to the Lair.
  9794 | D:9      | Reached *** piety under Okawaru
  9899 | D:9      | Found an ornate altar of the Wu Jian Council.
 10369 | Lair:1   | Entered Level 1 of the Lair of Beasts
 10369 | Lair:1   | Noticed a cane toad
 10385 | Lair:1   | Killed a cane toad
 10492 | Lair:1   | Noticed a cane toad
 10492 | Lair:1   | Noticed an elephant
 10492 | Lair:1   | Noticed an elephant
 10492 | Lair:1   | Noticed an elephant
 10492 | Lair:1   | Noticed an elephant
 10493 | Lair:1   | Noticed an elephant
 10503 | Lair:1   | Noticed an elephant
 10507 | Lair:1   | Killed an elephant
 10543 | Lair:2   | Killed a cane toad
 10775 | Lair:1   | Noticed an oklob plant
 11042 | Lair:2   | Reached XP level 11. HP: 26/67 MP: 11/11
 11372 | Lair:2   | Reached **** piety under Okawaru
 11642 | Lair:2   | Got an ivory mace
 11643 | Lair:2   | Identified the +8 mace "Iwnoa" {flame, rC++ Str+3 Int+3}
                  | (You found it on level 2 of the Lair of Beasts)
 12007 | Lair:2   | Found a runed translucent gate.
 12008 | Lair:2   | Found a runed translucent gate.
 12010 | Lair:2   | Found a runed translucent gate.
 12012 | Lair:2   | Found a viscous altar of Jiyva.
 12012 | Lair:2   | Noticed DocClef's ghost (journeyman GnDe)
 12066 | Lair:2   | Killed DocClef's ghost
 12384 | Lair:2   | Found a staircase to the Swamp.
 12384 | Lair:2   | Noticed a bog body
 12387 | Lair:2   | Noticed a bog body
 12394 | Lair:2   | Killed a bog body
 12395 | Lair:2   | Reached skill level 1 in Evocations
 12402 | Lair:2   | Killed a bog body
 13052 | Lair:1   | Reached skill level 10 in Shields
 13111 | Lair:1   | Reached ***** piety under Okawaru
 13458 | Lair:1   | Noticed a seven-headed hydra
 13466 | Lair:1   | Killed a seven-headed hydra
 13648 | Lair:1   | Reached skill level 5 in Dodging
 13673 | Lair:1   | Received a gift from Okawaru
 13674 | Lair:1   | Reached XP level 12. HP: 16/74 MP: 12/12
 15417 | Lair:3   | Noticed an ice dragon
 15432 | Lair:3   | Killed an ice dragon
 15761 | Lair:4   | Noticed a five-headed hydra
 15767 | Lair:4   | Killed a five-headed hydra
 15974 | Lair:4   | Received a gift from Okawaru
 16000 | Lair:4   | Reached XP level 13. HP: 57/80 MP: 13/13
 16111 | Lair:4   | Found a staircase to the Snake Pit.
 16184 | Lair:4   | Reached ****** piety under Okawaru
 16885 | Lair:5   | Reached skill level 10 in Armour
 16913 | Lair:5   | Received a gift from Okawaru
 17937 | Lair:5   | Found a viscous altar of Jiyva.
 17938 | Lair:5   | Found a staircase to the Slime Pits.
 18244 | Lair:6   | Entered Level 6 of the Lair of Beasts
 18604 | Lair:6   | Reached skill level 10 in Fighting
 18667 | Lair:6   | Gained mutation: Your large and strong wings let you fly
                  | indefinitely. [Gargoyle growth]
 18667 | Lair:6   | Reached XP level 14. HP: 45/88 MP: 12/14
 18844 | Lair:6   | Found a dark tunnel.
 18849 | Volcano  | Entered a volcano
 19046 | Volcano  | Received a gift from Okawaru
 19151 | Volcano  | Found a burning altar of Makhleb.
 20365 | Lair:6   | Noticed a dire elephant
 20365 | Lair:6   | Noticed a dire elephant
 20384 | Lair:6   | Killed a dire elephant
 20396 | Lair:6   | Killed a dire elephant
 20634 | Lair:6   | Received a gift from Okawaru
 20834 | Lair:6   | Noticed a dire elephant
 20844 | Lair:6   | Killed a dire elephant
 21184 | D:10     | Entered Level 10 of the Dungeon
 21585 | D:10     | Found a runed translucent gate.
 21586 | D:10     | Found a runed translucent gate.
 21587 | D:10     | Found a runed translucent gate.
 21591 | D:10     | Identified the +10 dagger "Galuamno" {chaos, +Rage rC- rN+
                  | Str+4}
 21592 | D:10     | Noticed kd29's ghost (novice GnDe)
 21626 | D:10     | Found Luenoen's Antique Armour Boutique.
 21630 | D:10     | Bought a pair of embroidered boots for 217 gold pieces
 21744 | D:10     | Killed kd29's ghost
 21744 | D:10     | Received a gift from Okawaru
 21745 | D:10     | Found the +8 whip "Snakebite" {curare, rPois}
 22656 | D:11     | Found a staircase to the Orcish Mines.
 22751 | Orc:1    | Entered Level 1 of the Orcish Mines
 22856 | D:11     | Reached skill level 15 in Maces & Flails
 23604 | Orc:2    | Entered Level 2 of the Orcish Mines
 23609 | Orc:2    | Noticed Azrael
 23656 | Orc:2    | Noticed Snorg
 23660 | Orc:2    | Killed Azrael
 23812 | Orc:1    | Killed Snorg
 23956 | Orc:2    | Found a staircase to the Elven Halls.
 23964 | Orc:1    | Received a gift from Okawaru
 23999 | Orc:1    | Reached XP level 15. HP: 47/95 MP: 15/15
 24268 | Orc:2    | Found a one-way gate to the infinite horrors of the Abyss.
 24268 | Orc:2    | Noticed HilariousDeathArtist's ghost (journeyman TrAr)
 24402 | Orc:2    | Identified the +10 bardiche "Oqetate" {distort, rElec rN+
                  | Str+2}
 24402 | Orc:2    | Noticed an orc warlord
 24406 | Orc:2    | Found a transporter.
 24420 | Orc:2    | Found a transporter.
 24473 | Orc:2    | Found Yluy's Distillery.
 24476 | Orc:2    | Bought a potion of berserk rage for 65 gold pieces
 24476 | Orc:2    | Bought 2 potions of might for 104 gold pieces
 24508 | Orc:2    | Found Unuxauni's Antique Armour Emporium.
 24508 | Orc:2    | Found Vaol's Gadget Boutique.
 24509 | Orc:2    | Found Toup's Gadget Shop.
 24509 | Orc:2    | Found Baqecw's Magic Scroll Emporium.
 24515 | Orc:2    | Found a roughly hewn altar of Beogh.
 24701 | Orc:1    | Reached skill level 15 in Shields
 25056 | Orc:2    | Received a gift from Okawaru
 25101 | Orc:2    | Bought a condenser vane for 440 gold pieces
 25102 | Orc:2    | Bought a scroll of identify for 36 gold pieces
 25102 | Orc:2    | Bought a scroll of enchant armour for 135 gold pieces
 25102 | Orc:2    | Bought a scroll of teleportation for 54 gold pieces
 25102 | Orc:2    | Bought a scroll of holy word for 135 gold pieces
 25102 | Orc:2    | Bought a scroll of magic mapping for 63 gold pieces
 25378 | Orc:2    | Cast into level 4 of the Abyss (orc warlord)
 25391 | Abyss:5  | Entered Level 5 of the Abyss
 25534 | Abyss:5  | Killed from afar by a hellion

Illustrated notes

Levels and vault maps discovered:
D:1:      minmay_arrival_shattered_statue, layout_basic
D:2:      layout_basic, eat_drink_and_be_merry_uskayaw, grunt_gozag_breadcrumbs,
          chequers_avenue
D:3:      layout_basic, gammafunk_temple_overflow_elements,
          minmay_close_crescents
D:4:      layout_loops_ring, nicolae_overflow_hidden_temple, elyvilon_altar_3,
          uniq_blork_the_orc
D:5:      layout_rooms, lemuel_crystal_altar, ashenzari_altar_1,
          kennysheep_small_spiral, grunt_decor_arrowhead, minivault_26,
          kennysheep_slug_shrine, uniq_prince_ribbit1
D:6:      layout_basic, marbit_many_paths, nicolae_ru_sacrificial_ziggurat,
          basic_altar
D:7:      layout_gridville, kennysheep_mini_moat, zin_purify,
          minmay_temple_entry_glass, serial_undead, serial_undead_a,
          serial_undead_c, serial_undead_a, serial_undead_b, serial_undead_c,
          minmay_statues_item, yredelemnul_altar_generic
D:8:      layout_loops_ring, nicolae_tso_carved_into_rock, old_standard_altar,
          uniq_psyche
D:9:      layout_small_grid, lemuel_crystal_altar, erik_lair_orcish_takeover
D:10:     layout_big_octagon, serial_shops, nicolae_shop_behind_doors,
          gammafunk_ghost_nasty_kobolds, minivault_16
D:11:     minmay_spotlight, layout_basic, hiddenorc2_lemuel,
          kennysheep_generic_room_14, uniq_josephine, uniq_urug
D:12:     minmay_tile_spiral, layout_loops_corners, uniq_nergalle, uniq_rupert,
          uniq_sonja, uniq_kirke
Temple:   corrupted_temple
Lair:1:   layout_regular_city, infiniplex_staircase_pool, serial_bayou_shore_b,
          minmay_lair_oklob_chamber
Lair:2:   layout_cave_pods, skrybe_swamp_entry_bodies, gammafunk_ghost_ooze
Lair:3:   dragon1_lemuel, layout_misc_corridors, beast_lair_carwin_7
Lair:4:   layout_hall_layers, minmay_snake_entry_guardpost_small,
          serial_bayou_shore_a, grunt_megastairs_2
Lair:5:   layout_cave_pods, slime_altar_1, serial_bayou_pond_b,
          minmay_lair_oklob_bushes
Lair:6:   due_jungle_book, layout_long_grid, enter_volcano_4
Orc:1:    layout_diamond_mine
Orc:2:    st_orc_ogre_mass, layout_caves, serial_shops,
          nicolae_shop_behind_doors, gammafunk_ghost_abyssal_escape,
          basic_altar, uniq_snorg, uniq_azrael
Abyss:5:  base: Lair:3, gammafunk_abyss_exit_x_factor,
          hangedman_abyss_rune_macabre_mess, evilmike_abyss_exit_vortex

Skill      XL: |  1  2  3  4  5  6  7  8  9 10 11 12 13 14 15 |
---------------+----------------------------------------------+-----
Dodging        | 1 2 3 4 5 |  5.3
Shields        | 4 5 6 7 9 10 11 13 14 15 | 15.4
Maces & Flails | 3 4 5 7 9 10 11 13 14 15 | 15.7
Armour         | 4 5 6 7 8 9 10 11 12 | 12.2
Fighting       | 4 6 7 8 9 10 11 | 11.9
Stealth        | 1 |  1.1
Evocations     | 1 2 |  2.7

Action                   |  1- 3 |  4- 6 |  7- 9 | 10-12 | 13-15 || total
-------------------------+-------+-------+-------+-------+-------++-------
Melee: Flail             |   173 |   228 |   408 |   328 |       ||  1137
       Mace              |       |       |       |   370 |   315 ||   685
       Morningstar       |       |       |       |       |   806 ||   806
Invok: Heroism           |       |       |       |       |     5 ||     5
       Finesse           |       |       |       |       |     1 ||     1
 Abil: Fly               |       |       |       |       |     1 ||     1
Evoke: Wand              |       |       |     8 |     7 |    23 ||    38
       Tin of tremorston |       |       |       |     2 |     5 ||     7
       Phantom mirror    |       |       |       |       |     1 ||     1
       Lightning rod     |       |       |       |       |     1 ||     1
       Condenser vane    |       |       |       |       |     1 ||     1
  Use: Scroll            |       |     4 |    11 |     9 |    13 ||    37
       Potion            |       |       |     4 |     2 |     9 ||    15
 Stab: Paralysed         |       |       |       |     2 |       ||     2
Armor: Scale mail        |   127 |    89 |   186 |    28 |       ||   430
       Ring mail         |       |       |       |   146 |       ||   146
       Crystal plate arm |       |       |       |   138 |   691 ||   829
       Plate armour      |       |       |       |       |   159 ||   159
Dodge: Dodged            |    75 |    69 |   155 |   238 |   376 ||   913
Block: Kite shield       |   109 |   123 |   241 |   405 |   944 ||  1822

Table legend: (Time is in decaauts)
 A = Elapsed time spent in this place.
 B = Non-inter-level travel time spent in this place.
 C = Inter-level travel time spent in this place.
 D = Time resting spent in this place.
 E = Time spent auto-exploring this place.
 F = Levels seen in this place.
 G = Mean time per level.
                   A        B        C        D        E       F      G
               +--------+--------+--------+--------+--------+-----+--------+
         Total |  25360 |  24955 |    405 |   6431 |  11564 |  24 | 1056.7 |
       Dungeon |  12261 |  12034 |    227 |   2619 |   6345 |  12 | 1021.8 |
        Temple |     75 |     75 |      0 |      0 |     26 |   1 |   75.0 |
          Lair |   9863 |   9685 |    178 |   2801 |   4127 |   6 | 1643.8 |
  Orcish Mines |   2330 |   2330 |      0 |    832 |    914 |   2 | 1165.0 |
         Abyss |    146 |    146 |      0 |     41 |      0 |   2 |   73.0 |
       Volcano |    683 |    683 |      0 |    137 |    152 |   1 |  683.0 |
               +--------+--------+--------+--------+--------+-----+--------+

Top non-repeatable levels by time:
  Lair:2: 2520 daAuts
  Lair:6: 1888 daAuts
  Lair:1: 1683 daAuts
     D:4: 1629 daAuts
   Orc:1: 1381 daAuts
  Lair:5: 1360 daAuts
     D:3: 1338 daAuts
     D:9: 1322 daAuts
  Lair:4: 1232 daAuts
     D:1: 1187 daAuts
  Lair:3: 1178 daAuts
     D:8: 1109 daAuts
     D:2: 1103 daAuts
     D:5: 1056 daAuts
     D:6: 1031 daAuts
